 Dungeon Crawl Stone Soup version 0.30-a0-1043-g60ff8d5f49 (webtiles) character file.

Game seed: 577720481650675313

2152299 demibob the Conqueror (level 26, 257/266 HPs)
             Began as a Demonspawn Berserker on Mar 28, 2023.
             Was the Champion of Trog.
             Escaped with the Orb
             ... and 4 runes on Apr 9, 2023!
             The game lasted 02:47:35 (79874 turns).

demibob the Conqueror (Demonspawn Berserker)       Turns: 79874, Time: 02:47:35

Health: 257/266    AC: 40    Str: 33    XL:     26   Next: 99%
Magic:  20/20      EV: 29    Int:  7    God:    Trog [******]
Gold:   5763       SH: 25    Dex: 29    Spells: 25/25 levels left

rFire   + + +      SeeInvis +    a - +9 demon blade (spect)
rCold   + + +      Faith    .    u - +2 shield of Resistance {rF++ rC++ Will++}
rNeg    . . .      Spirit   +    T - +9 scales of the Dragon King {rPois rF+ rC+ Will+}
rPois   +          Reflect  +    (helmet unavailable)
rElec   +          Rampage  .    e - +1 cloak of Starlight {*Dazzle EV+4 Stlth--}
rCorr   .                        k - +1 pair of gloves "Meyhel" {rC+++ Str+3 Int-2 Dex+3}
Will    +++++                    r - +1 pair of boots of Eternal Vigilance {rElec Dex+3}
Stlth   x                          - amulet of reflection
HPRegen 0.64/turn                Y - +4 ring of slaying
MPRegen 0.34/turn                i - ring of Xaomineg {Fly rElec rC+ Str+6 Dex+3}

@: flying
A: antennae 3, foul stench 3, augmentation 3, magic shield, magic regeneration,
magic link, sanguine armour 3, low MP 1, strong-willed 1, robust 1, strong 1
0: Orb of Zot
}: 4/15 runes: decaying, slimy, silver, gossamer
a: Renounce Religion, Berserk, Trog's Hand, Brothers in Arms


You escaped.
You worshipped Trog.
Trog was exalted by your worship.
You visited 11 branches of the dungeon, and saw 55 of its levels.
You also visited: Trove, Gauntlet and Wizlab.

You collected 9417 gold pieces.
You spent 3654 gold pieces at shops.


Innate Abilities, Weirdness & Mutations

You have a pair of large antennae on your head. (SInv)
You frequently emit foul miasma when damaged in melee.
Your magical and physical power is greatly enhanced at high health.
When hurt, damage is shared between your health and your magic reserves.
You regenerate magic rapidly.
When low on magic, you restore magic in place of health.
When seriously injured, your blood forms very thick armour. (AC +0)
Your magical capacity is low. (-10% MP)
You are strong-willed. (Will+)
You are robust. (+10% HP)
Your muscles are strong. (Str +4, Int/Dex -1)


   Skills:
 O Level 27 Fighting
 + Level 20.4 Long Blades
 - Level 19.7 Armour
 + Level 21.9 Dodging
 - Level 18.8 Shields
 - Level 5.8 Evocations


You had 25 spell levels left.
You didn't know any spells.
Your spell library contained the following spells:

 Spells                   Type           Power      Damage    Failure   Level
 Lesser Beckoning         Tloc           0%         N/A       100%        2
 Iskenderun's Mystic Bla  Conj/Tloc      0%         2d3       100%        4
 Manifold Assault         Tloc           0%         N/A       100%        4
 Malign Gateway           Summ/Tloc      0%         N/A       100%        7

Inventory:

Hand Weapons
 a - a +9 spectral demon blade (weapon)
 Z - a +4 spectral demon blade
Armour
 e - the +1 cloak of Starlight (worn) {*Dazzle EV+4 Stlth--}
   (You found it in a wizard's laboratory)

   *Dazzle:   It may blind those who miss an attack against the wearer in melee
   combat.
   EV:        It affects your evasion (+4).
   Stlth:     It makes you much less stealthy.
 k - the +1 pair of gloves "Meyhel" (worn) {rC+++ Str+3 Int-2 Dex+3}
   (You found it on level 3 of the Crypt)

   Str:       It affects your strength (+3).
   Int:       It affects your intelligence (-2).
   Dex:       It affects your dexterity (+3).
   rC:        It renders you almost immune to cold.
 r - the +1 pair of boots of Eternal Vigilance (worn) {rElec Dex+3}
   (You acquired it on level 3 of the Crypt)

   Dex:       It affects your dexterity (+3).
   rElec:     It insulates you from electricity.
 u - the +2 shield of Resistance (worn) {rF++ rC++ Will++}
   (You took it off a minotaur in a Gauntlet)

   rF:        It greatly protects you from fire.
   rC:        It greatly protects you from cold.
   Will:      It greatly increases your willpower.
 C - the +4 dragonskin cloak
   (You took it off Tiamat on level 1 of the Realm of Zot)

   Avatar's Aegis: It grants the wearer a chance to resist fire, cold, poison,
   electricity, acid, and negative energy.
 L - a +1 pair of boots of rampaging
 T - the +9 scales of the Dragon King (worn) {rPois rF+ rC+ Will+}
   (You bought it in a shop on level 2 of the Vaults)

   rF:        It protects you from fire.
   rC:        It protects you from cold.
   rPois:     It protects you from poison.
   Will:      It increases your willpower.
Jewellery
 i - the ring of Xaomineg (right hand) {Fly rElec rC+ Str+6 Dex+3}
   (You found it on level 1 of the Depths)

   [ring of strength]

   Str:       It affects your strength (+6).
   Dex:       It affects your dexterity (+3).
   rC:        It protects you from cold.
   rElec:     It insulates you from electricity.
   Fly:       It grants you flight.
 x - an amulet of reflection (around neck)
 N - a ring of positive energy
 P - the ring of Tupiaggu {rPois rC+ Dex+3 SInv}
   (You took it off a vault warden on level 5 of the Vaults)

   [ring of poison resistance]

   Dex:       It affects your dexterity (+3).
   rC:        It protects you from cold.
   rPois:     It protects you from poison.
   SInv:      It lets you see invisible.
 R - a ring of resist corrosion
 S - the ring of Ytung {rN+++ rCorr Str-3 Int+6}
   (You found it on level 5 of the Realm of Zot)

   [ring of intelligence]

   Str:       It affects your strength (-3).
   Int:       It affects your intelligence (+6).
   rN:        It renders you almost immune to negative energy.
   rCorr:     It protects you from acid and corrosion.
 Y - a +4 ring of slaying (left hand)
Wands
 h - a wand of quicksilver (37)
 n - a wand of mindburst (52)
 p - a wand of polymorph (36)
 B - a wand of flame (32)
 M - a wand of digging (5)
 O - a wand of roots (42)
 V - a wand of paralysis (41)
Scrolls
 c - 3 scrolls of fog
 f - 8 scrolls of poison
 g - 12 scrolls of enchant armour
 l - 19 scrolls of teleportation {@r2}
 m - 13 scrolls of enchant weapon
 v - 13 scrolls of immolation
 w - 10 scrolls of magic mapping
 z - 8 scrolls of fear
 F - 5 scrolls of silence {!r}
 I - 2 scrolls of summoning
 J - 35 scrolls of identify {@r1}
Potions
 b - 6 potions of mutation
 d - 6 potions of cancellation
 j - 2 potions of haste {@q3}
 o - 6 potions of might
 q - 4 potions of invisibility
 s - 23 potions of ambrosia
 t - 6 potions of resistance
 A - 28 potions of curing {@q1}
 D - 5 potions of berserk rage {!q}
 K - a potion of heal wounds {@q2}
 U - 9 potions of flight
 X - a potion of magic
Miscellaneous
 y - a phial of floods
 E - a phantom mirror
 G - a condenser vane
 H - a box of beasts
 Q - a piece from Xom's chessboard (15/15)
 W - a lightning rod (4/4)

Dungeon Overview and Level Annotations

Branches:
Dungeon (15/15)            Temple (0/1) D:4            Lair (5/5) D:8
  Swamp (4/4) Lair:2       Spider (4/4) Lair:3        Slime (5/5) Lair:4
    Orc (2/2) D:10            Elf (3/3) Orc:2        Vaults (5/5) D:13
  Crypt (3/3) Vaults:3       Tomb (0/3) Crypt:3      Depths (4/4) D:15
    Zot (5/5) Depths:4     WizLab (visited)         Gauntlet (visited)

Altars:
Cheibriados
Dithmenos
Fedhas
Gozag
Nemelex Xobeh
Qazlal
Trog
Uskayaw
Vehumet
Wu Jian
Xom
Yredelemnul
Jiyva

Shops:
Orc:1 =   Orc:2 ([*=   Vaults:2 [   Depths:1 [[

Portals:
Hell: Depths:1 Depths:2 Depths:3 Depths:4
Abyss: Depths:3
Pandemonium: Depths:2 Depths:4
Ziggurat: Depths:2

Annotations:
D:10 1 runed translucent door, quinnr's ghost, journeyman NaAE
Swamp:3 2 transporters, Palms's ghost, adept NaFi
Elf:2 3 runed translucent doors
Vaults:4 8 runed translucent doors, Yptir's ghost, adept AtFE
Crypt:2 3 runed translucent doors

###### ##....#...#
####.....# ##....# ###
##.... ###[### #....
##.....## #...# #.P...P.#
#.... #.......# ###..
#...@...# #.. ##..4....#
### #..P&..P.# #.....4..#
#.###.##.# #.# ###..# #
#####.#####.## #
#...........##############
#.................).......


You could see Lakuv and 2 chaos spawn.


Message History

The Orb Guardian hits your +9 spectral demon blade but does no damage.
The Orb Guardian hits your +9 spectral demon blade!!
Your spectral weapon shares its damage with you!
Unknown command.
You slice the Orb Guardian!!
You kill the Orb Guardian!
Trog accepts your kill.
Unknown command.
You slice the Orb Guardian!!
The Orb Guardian is heavily wounded.
Your +9 spectral demon blade misses the Orb Guardian.
You block the Orb Guardian's attack.
Unknown command.
You slice the Orb Guardian!!
The Orb Guardian is almost dead.
Your +9 spectral demon blade hits the Orb Guardian!!
You kill the Orb Guardian!
Trog accepts your kill.
No target in view!
(D) Dungeon (T) Temple (L) Lair (S) Swamp (N) Spider Nest (M) Slime Pits (O) Orcish Mines (E) Elven Halls (V) Vaults (C) Crypt (W) Tomb (U) Depths (H) Hell (Z) Zot
Where to? (Enter - D:1 @ (x,y), ? - help) Magic restored.
You see here a +0 dagger.
A Lakuv and 2 chaos spawn come into view.
There is a staircase leading out of the dungeon here.
The chaos spawn gives a chilling moan.
You have escaped!

Skill      XL: |  1  2  3  4  5  6  7  8  9 10 11 12 13 14 15 16 17 18 19 20 21 22 23 24 25 26 |
---------------+-------------------------------------------------------------------------------+-----
Long Blades    | 3 4 5 6 7 9 11 13 14 15 18 20 | 20.4
Armour         | 2 3 4 5 7 8 11 13 15 17 19 | 19.7
Evocations     | 4 5 |  5.8
Dodging        | 5 8 9 11 14 16 17 19 21 | 21.9
Fighting       | 6 9 11 14 16 18 20 21 23 24 25 26 27 | 27.0
Shields        | 4 11 15 17 18 | 18.8

Action                     |  1- 3 |  4- 6 |  7- 9 | 10-12 | 13-15 | 16-18 | 19-21 | 22-24 | 25-27 || total
---------------------------+-------+-------+-------+-------+-------+-------+-------+-------+-------++-------
  Melee: Falchion          |    99 |   173 |   386 |   869 |       |       |       |       |       ||  1527
         Punch             |     1 |     1 |     8 |    16 |     2 |       |       |       |       ||    28
         Long sword        |       |       |       |    64 |   735 |       |       |       |       ||   799
         Triple sword      |       |       |       |       |    17 |       |       |       |       ||    17
         Demon blade       |       |       |       |       |   360 |   952 |  1345 |  1563 |   991 ||  5211
 Invoke: Berserk           |     1 |     6 |     5 |    12 |    10 |     9 |     2 |     5 |     2 ||    52
         Trog's Hand       |       |       |     1 |       |     4 |     4 |     3 |     3 |       ||    15
         Brothers in Arms  |       |       |       |     1 |     4 |     4 |     2 |     2 |     4 ||    17
  Evoke: Wand              |       |       |     3 |    33 |    15 |     6 |     1 |     8 |     4 ||    70
         Condenser vane    |       |       |       |       |     3 |     6 |     4 |     5 |     3 ||    21
         Box of beasts     |       |       |       |       |     1 |     1 |       |       |     1 ||     3
    Use: Scroll            |     4 |     5 |    11 |     6 |     6 |     9 |     6 |    19 |     6 ||    72
         Potion            |       |     2 |     1 |     1 |    12 |     2 |     1 |    12 |    19 ||    50
   Stab: Distracted        |       |       |       |       |     3 |    28 |    24 |    42 |    38 ||   135
         Confused          |       |       |       |       |       |     2 |     1 |     1 |     4 ||     8
         Invisible         |       |       |       |       |       |       |       |     7 |    16 ||    23
 Armour: Animal skin       |    20 |     7 |       |       |       |       |       |       |       ||    27
         Ring mail         |       |    53 |    64 |       |       |       |       |       |       ||   117
         Chain mail        |       |       |   126 |   455 |   513 |   269 |    60 |       |       ||  1423
         Gold dragon scale |       |       |       |       |       |       |   260 |   444 |   265 ||   969
  Dodge: Dodged            |    57 |    99 |   150 |   330 |   728 |   355 |   365 |   443 |   564 ||  3091
  Block: Kite shield       |       |       |       |       |   762 |   755 |  1036 |  1181 |   881 ||  4615
         Reflection        |       |       |       |       |     2 |    65 |    56 |    21 |    14 ||   158

Levels and vault maps discovered:
D:1:      dpeg_arrival_orchard, layout_basic, kennysheep_minor_cross
D:2:      layout_basic, uniq_jessica
D:3:      layout_basic, minmay_ruptured, uniq_crazy_yiuf_cottage, uniq_grinder
D:4:      layout_basic, minitemple, temple_green, uniq_pikel
D:5:      layout_basic, serial_curves, eino_curves_01, eino_curves_04,
          eino_curves_03, eino_curves_02, chequers_serial_rivers_small_b,
          uniq_edmund, uniq_menkaure, uniq_sigmund, uniq_blork_the_orc
D:6:      layout_rooms
D:7:      layout_loops_ring, uniq_duvessa
D:8:      layout_loops_cross, lair_entry_dummy, uniq_maurice
D:9:      layout_roguey, nicolae_wu_jian_glorious_leap,
          hangedman_abyss_or_decor_clamps, minmay_splitting_lines
D:10:     layout_rooms, erik_orc_1, hellmonk_ghost_happy_afterlife,
          serial_bayou_lagoon_a, eino_house_with_fridge
D:11:     layout_rooms
D:12:     layout_rooms, zin_angel, uniq_gastronok, uniq_rupert, uniq_sonja
D:13:     layout_irregular_city, erik_vaults_1
D:14:     minmay_wavy_crystal, layout_cave_pods, xom_teletrap_fun
D:15:     grunt_enter_depths_magical_seal, layout_small_grid, special_room
          [special_room_bee], chequers_decorated_corner, minmay_ruined_shrine
Lair:1:   layout_hall_layers, minivault_26, kennysheep_rathole,
          infiniplex_staircase_pool
Lair:2:   layout_roguey, nicolae_swamp_entry_splash_gauntlet,
          chequers_serial_rivers_small_a, cheibrodos_lair_lostbears,
          serial_bayou_shore_b, grunt_megastairs_4
Lair:3:   layout_cave_shapes, nicolae_spider_entry_orb_guardian,
          portal_ice_cave_entry_pillars_2, pdpol_lair_cavern_descent,
          lemuel_fruit_tree, grunt_megastairs_2
Lair:4:   layout_layer_cave, slime_entry_1, pdpol_lair_neglected_garden
Lair:5:   gammafunk_lair_ancient_temple, layout_cellular_growth,
          gauntlet_entry_generic
Swamp:1:  layout_basic_swamp, evilmike_swamp_ruin_house_1
Swamp:2:  nzn_winding_woodlands_three_and_one
          [nzn_winding_woodlands_5x15_split_checker,
          nzn_winding_woodlands_5x15_zeroes, nzn_winding_woodlands_5x15_pool,
          nzn_winding_woodlands_center_pierced_h], layout_basic_swamp,
          evilmike_swamp_ruin_rubble_2, uniq_donald, uniq_mlioglotl,
          uniq_jorgrun, uniq_aizul
Swamp:3:  layout_basic_swamp, gammafunk_ghost_wrathful_warriors,
          serial_swamp_ruin, evilmike_swamp_ruin_house_3,
          evilmike_swamp_ruin_house_5
Swamp:4:  swamp_old_school, layout_basic_swamp
Spider:1: layout_chambers, nicolae_spider_not_touching_you, uniq_asterion,
          uniq_roxanne
Spider:2: layout_spider_delve, drop_trap, nicolae_spider_circle_web
Spider:3: layout_spider_delve, nicolae_spider_twisty_arc_passages, uniq_azrael
Spider:4: hellmonk_spider_rune_bug_friends
Slime:1:  layout_caves, cheibrodos_slime_lost_civilization_6
Slime:2:  cheibrodos_slime_lost_civilization_3, layout_caves
Slime:3:  layout_caves, nicolae_slime_crime_time
Slime:4:  layout_caves
Slime:5
Orc:1:    layout_caves, serial_shops, shop, basic_altar
Orc:2:    st_orc_congregation, layout_caves, uniq_erolcha
Elf:1:    eino_elf_arrival_customs, layout_loops_cross, minmay_elf_sorcery,
          minivault_28, lemuel_upstairs_altar
Elf:2:    nicolae_elf_blades_crystal_corner, layout_rooms, basic_altar
Elf:3:    elf_hall_gauntlet_narrow, layout_onion_city
Vaults:1: hangedman_vaults_cutoff, nicolae_vaults_little_squares_4,
          vaults_dpeg_encased_lava, nicolae_vaults_shelves_hall,
          nicolae_vaults_little_squares_1, v_misc_19, hangedman_vaults_trim,
          ontoclasm_vaults_gateway, nicolae_vaults_angled_halls,
          hangedman_vaults_trim, vaults_room_stairs_pillars,
          vaults_room_octagon, v_misc_11, vaults_mumra_chevron_long,
          nicolae_vaults_display_case, v_alt_pattern_2, layout_vaults_maze
Vaults:2: v_misc_18, st_greater_box_2, hangedman_vaults_impose, v_misc_13,
          v_misc_16, ontoclasm_vaults_twist, nicolae_vaults_ring_of_whatevers,
          layout_vaults_omnigrid, serial_shops, shop_fountains, uniq_jory,
          uniq_boris
Vaults:3: vaults_dpeg_spiral, nicolae_vaults_asterisk,
          minmay_crypt_entry_simple_round, v_misc_5,
          nicolae_vaults_circle_grid_b, v_misc_25, v_pattern_1, v_alt_pattern_6,
          nicolae_vaults_shelves_hall, v_alt_pattern_3,
          vaults_standard_mumra_enter_the_diamond, vaults_dpeg_emergency_exit,
          layout_vaults_big_room
Vaults:4: advil_vaults_ghost_lines, nicolae_vaults_quadrants, vaults_room_pool,
          v_misc_33, grunt_vaults_trifunnel, grunt_vaults_twisty,
          vaults_mumra_hexcomb, v_pattern_4, v_misc_9,
          nicolae_vaults_circle_grid_a, v_alt_pattern_1,
          nicolae_vaults_asterisk, ontoclasm_vaults_loading_screen, v_misc_15,
          layout_vaults_ring, uniq_sojobo
Vaults:5
Crypt:1:  layout_regular_city
Crypt:2:  layout_regular_city, infiniplex_enter_wizlab_water, pandoras_box_mu
Crypt:3:  church_of_pain_bobbens, layout_chaotic_city, uniq_zenata,
          uniq_margery, uniq_saint_roka
Depths:1: layout_roguey, skrybe_limestone_x, hellmouth_1,
          ebering_ghost_reflecting_pool, fake_guardian_serpent_vault,
          minmay_shoptagon
Depths:2: gammafunk_mikee_crab_dinner, layout_long_grid, enter_ziggurat_a,
          nicolae_trove_entry_crystal, chequers_serial_rivers_small_b,
          grunt_mini_vestibule, grunt_pan_entry_in_and_out, st_stairs_7,
          uniq_vv, uniq_mara, uniq_josephina
Depths:3: minmay_four_inscribed_fans, layout_cave_pools, abyss_entry,
          infiniplex_staircase_river, hell_entry, nrook_campfire, uniq_parghit,
          uniq_frederick
Depths:4: evilmike_zot_entry_argh, layout_gridville, hell_entry,
          rand_demon_pan_entry_7, nicolae_gozag_cash_rules_everything_around_me
Zot:1:    layout_concentric_octagons, guppyfry_library_mini, uniq_tiamat
Zot:2:    layout_cathedral_of_symmetry, hangedman_feature_mirror,
          grunt_megastairs_1
Zot:3:    layout_misc_corridors
Zot:4:    kennysheep_spiral_hall, layout_cellular_growth,
          hangedman_hellfire_club
Zot:5:    layout_cathedral_of_symmetry, hangedman_zot_decor_checkerboard,
          grunt_ministairs_5, st_stairs_8

Notes
Turn   | Place    | Note
-------+----------+-------------------------------------------
     0 | D:1      | demibob the Demonspawn Berserker began the quest for the
                  | Orb.
     0 | D:1      | Reached XP level 1. HP: 18/18 MP: 1/1
    33 | D:1      | Reached skill level 3 in Long Blades
   130 | D:1      | Gained mutation: When seriously injured, your blood forms
                  | armour. (AC +0) [demonic ancestry]
   130 | D:1      | Reached XP level 2. HP: 16/24 MP: 2/2
   839 | D:1      | Reached ** piety under Trog
   840 | D:1      | Reached XP level 3. HP: 16/29 MP: 3/3
  1068 | D:2      | Reached skill level 4 in Long Blades
  1203 | D:2      | Noticed Jessica
  1210 | D:2      | Killed Jessica
  1211 | D:2      | Reached XP level 4. HP: 7/35 MP: 4/4
  2069 | D:3      | Reached skill level 5 in Long Blades
  2070 | D:3      | Reached skill level 2 in Armour
  2072 | D:3      | Reached XP level 5. HP: 41/41 MP: 5/5
  2717 | D:3      | Reached *** piety under Trog
  2891 | D:3      | Found a runed translucent door.
  2892 | D:3      | Noticed Crazy Yiuf
  2924 | D:3      | Noticed Grinder
  2928 | D:3      | Killed Grinder
  2929 | D:3      | Reached skill level 6 in Long Blades
  2929 | D:3      | Reached skill level 3 in Armour
  2929 | D:3      | Reached XP level 6. HP: 47/47 MP: 6/6
  3317 | D:3      | Killed Crazy Yiuf
  3688 | D:4      | Noticed Pikel
  3703 | D:4      | Killed Pikel
  3704 | D:4      | Reached skill level 7 in Long Blades
  3704 | D:4      | Reached skill level 4 in Armour
  3704 | D:4      | Gained mutation: You may rarely emit foul miasma when
                  | damaged in melee. [demonic ancestry]
  3704 | D:4      | Reached XP level 7. HP: 52/52 MP: 7/7
  3867 | D:4      | Found a staircase to the Ecumenical Temple.
  3911 | D:4      | Found a stormy altar of Qazlal.
  3938 | D:4      | Found a shadowy altar of Dithmenos.
  3944 | D:4      | Found a hide-covered altar of Uskayaw.
  3944 | D:4      | Found a snail-covered altar of Cheibriados.
  3945 | D:4      | Found a blossoming altar of Fedhas.
  3946 | D:4      | Found an opulent altar of Gozag.
  3949 | D:4      | Found a bloodstained altar of Trog.
  4327 | D:4      | Identified the +7 morningstar of the Boiling Point
                  | {distort, Int+2 Dex+3}
  4421 | D:5      | Entered Level 5 of the Dungeon
  4458 | D:5      | Noticed Menkaure
  4468 | D:5      | Gained mutation: You regenerate magic rapidly. [demonic
                  | ancestry]
  4468 | D:5      | Reached XP level 8. HP: 44/58 MP: 8/8
  4471 | D:5      | Killed Menkaure
  4472 | D:5      | Reached skill level 8 in Long Blades
  4693 | D:5      | Identified the +2 robe "Ynazy" {rElec rN+ MP-9 Int+3}
  4714 | D:5      | Noticed Edmund
  4727 | D:5      | Killed Edmund
  4728 | D:5      | Reached skill level 5 in Armour
  4902 | D:5      | Noticed Sigmund
  4910 | D:5      | Killed Sigmund
  5207 | D:5      | Reached skill level 9 in Long Blades
  5618 | D:5      | Noticed Blork the orc
  5627 | D:5      | Killed Blork the orc
  6040 | D:6      | Gained mutation: You sometimes emit foul miasma when
                  | damaged in melee. [demonic ancestry]
  6040 | D:6      | Reached XP level 9. HP: 55/63 MP: 9/9
  6048 | D:6      | Reached skill level 6 in Armour
  6346 | D:6      | Identified the +6 chain mail of Dull Creativity {Dex+4}
  6428 | D:6      | Reached skill level 10 in Long Blades
  6927 | D:7      | Noticed Dowan
  6940 | D:7      | Noticed Duvessa
  6943 | D:7      | Reached **** piety under Trog
  6944 | D:7      | Killed Dowan
  6951 | D:7      | Killed Duvessa
  7179 | D:7      | Reached skill level 7 in Armour
  7466 | D:7      | Reached skill level 11 in Long Blades
  7992 | D:8      | Noticed Maurice
  8086 | D:7      | Gained mutation: You have a pair of small antennae on your
                  | head. [demonic ancestry]
  8086 | D:7      | Reached XP level 10. HP: 42/70 MP: 10/10
  8515 | D:8      | Found a staircase to the Lair.
  8659 | D:8      | Killed Maurice
  9016 | Lair:1   | Entered Level 1 of the Lair of Beasts
  9032 | Lair:1   | Noticed a cane toad
  9046 | Lair:1   | Killed a cane toad
  9047 | Lair:1   | Reached skill level 12 in Long Blades
  9047 | Lair:1   | Reached skill level 1 in Evocations
  9472 | D:9      | Reached skill level 2 in Evocations
  9608 | D:9      | Found an ornate altar of the Wu Jian Council.
  9896 | D:9      | Reached skill level 3 in Evocations
 10163 | D:10     | Entered Level 10 of the Dungeon
 10285 | D:10     | Reached skill level 13 in Long Blades
 10285 | D:10     | Reached skill level 4 in Evocations
 10463 | D:10     | Noticed quinnr's ghost (journeyman NaAE)
 10547 | D:10     | Gained mutation: You have a pair of antennae on your head.
                  | [demonic ancestry]
 10547 | D:10     | Reached XP level 11. HP: 41/75 MP: 11/11
 10685 | D:10     | Found a runed translucent door.
 10854 | D:10     | Noticed a two-headed ogre
 10861 | D:10     | Killed a two-headed ogre
 10873 | D:10     | Found a staircase to the Orcish Mines.
 10874 | D:10     | Reached ***** piety under Trog
 10884 | D:10     | Reached skill level 5 in Evocations
 11321 | D:10     | Noticed a necromancer
 11323 | D:10     | Killed a necromancer
 11862 | D:11     | Noticed a skeletal warrior
 11862 | D:11     | Noticed a skeletal warrior
 11862 | D:11     | Noticed a skeletal warrior
 11862 | D:11     | Noticed a skeletal warrior
 11941 | Lair:1   | Reached skill level 14 in Long Blades
 12008 | Lair:1   | Reached skill level 2 in Dodging
 12571 | Lair:1   | Reached skill level 4 in Fighting
 12571 | Lair:1   | Reached skill level 3 in Dodging
 13260 | Lair:1   | Reached skill level 5 in Fighting
 13260 | Lair:1   | Reached skill level 4 in Dodging
 13736 | Lair:2   | Reached skill level 6 in Fighting
 13736 | Lair:2   | Reached skill level 5 in Dodging
 13743 | Lair:2   | Gained mutation: When seriously injured, your blood forms
                  | thick armour. (AC +0) [demonic ancestry]
 13743 | Lair:2   | Reached XP level 12. HP: 25/88 MP: 12/12
 14293 | Lair:2   | Reached skill level 7 in Fighting
 14293 | Lair:2   | Reached skill level 6 in Dodging
 14554 | Lair:2   | Found a staircase to the Swamp.
 14954 | Lair:2   | Reached skill level 8 in Fighting
 15117 | Lair:2   | Reached skill level 7 in Dodging
 15151 | Lair:2   | Received a gift from Trog
 15639 | Lair:2   | Identified a potion of resistance
 15863 | Lair:3   | Found a hole to the Spider Nest.
 15867 | Lair:3   | Reached skill level 9 in Fighting
 15874 | Lair:3   | Found a frozen archway.
 15972 | Lair:3   | Reached skill level 8 in Dodging
 16169 | Lair:3   | Identified the +6 arbalest of the Mind {penet, rF+}
 16211 | Lair:3   | Noticed an eight-headed hydra
 16217 | Lair:3   | Killed a 12-headed hydra
 16402 | Lair:3   | Noticed a boulder beetle
 16431 | Lair:3   | Killed a boulder beetle
 16432 | Lair:3   | Gained mutation: When seriously injured, your blood forms
                  | very thick armour. (AC +0) [demonic ancestry]
 16432 | Lair:3   | Reached XP level 13. HP: 82/101 MP: 13/13
 16875 | Lair:3   | Identified the +6 flail of Xom {pain, rC+}
 17552 | Lair:4   | Reached skill level 10 in Fighting
 17726 | Lair:4   | Found a viscous altar of Jiyva.
 17727 | Lair:4   | Found a staircase to the Slime Pits.
 17745 | Lair:4   | Reached skill level 9 in Dodging
 19076 | Lair:5   | Entered Level 5 of the Lair of Beasts
 19135 | Lair:5   | Identified the +4 triple sword of Wealth {flame, rC+ Dex+3}
                  | (Trog gifted it to you on level 5 of the Lair of Beasts)
 19135 | Lair:5   | Received a gift from Trog
 19171 | Lair:5   | Found a gate leading to a gauntlet.
 19178 | Lair:5   | Reached skill level 15 in Long Blades
 19180 | Lair:5   | Reached skill level 11 in Fighting
 19190 | Gauntlet | Entered a Gauntlet
 19190 | Gauntlet | Found a transporter.
 19190 | Gauntlet | Found a transporter.
 19269 | Gauntlet | Found a transporter.
 19269 | Gauntlet | Found a transporter.
 19280 | Gauntlet | Found a transporter.
 19287 | Gauntlet | Found a transporter.
 19297 | Gauntlet | Found a transporter.
 19297 | Gauntlet | Found a transporter.
 19298 | Gauntlet | Found the ring of the Mage {Wiz Archmagi}
 19301 | Gauntlet | Found a transporter.
 19328 | Gauntlet | Found a transporter.
 19335 | Gauntlet | Found a transporter.
 19353 | Gauntlet | Found a transporter.
 19390 | Gauntlet | Found a transporter.
 19404 | Gauntlet | Found a transporter.
 19509 | Gauntlet | Found a transporter.
 19523 | Gauntlet | Found a transporter.
 19743 | Gauntlet | Identified the +4 chain mail of the Pleiades {rF+ Str+4
                  | Stlth-}
 19833 | Gauntlet | Noticed a minotaur
 19844 | Gauntlet | Killed a minotaur
 19874 | Gauntlet | Identified a +1 robe of the Archmagi
 19874 | Gauntlet | Identified the +10 rapier "Efyonnej" {flame, rC- Str+9
                  | Dex+3}
 19878 | Gauntlet | Got the Almanac of the Tesseract
 19880 | Gauntlet | Identified the +0 ring mail of Hedonism {rPois}
 19935 | Lair:5   | Reached skill level 1 in Shields
 19961 | Lair:5   | Reached skill level 2 in Shields
 20130 | Lair:5   | Reached skill level 3 in Shields
 20323 | Lair:5   | Reached skill level 4 in Shields
 20323 | Lair:5   | Gained mutation: You have a pair of large antennae on your
                  | head. (SInv) [demonic ancestry]
 20323 | Lair:5   | Reached XP level 14. HP: 87/113 MP: 14/14
 20347 | Lair:5   | Reached skill level 5 in Shields
 20473 | Lair:5   | Reached skill level 6 in Shields
 20925 | Lair:5   | Reached skill level 7 in Shields
 21647 | Orc:1    | Entered Level 1 of the Orcish Mines
 21796 | Orc:1    | Found Ceaduadi's Jewellery Boutique.
 22125 | D:11     | You fall into a shaft and drop 3 floors!
 22229 | D:14     | Reached skill level 8 in Shields
 22374 | D:14     | Received a gift from Trog
 22740 | D:14     | Found a shimmering altar of Xom.
 23011 | D:14     | Reached skill level 9 in Shields
 23357 | D:13     | Found a gate to the Vaults.
 23636 | D:13     | Reached skill level 10 in Shields
 24078 | D:12     | Noticed Rupert
 24102 | D:12     | Killed Rupert
 24191 | D:12     | Noticed Gastronok
 24223 | D:12     | Killed Gastronok
 24488 | D:12     | Noticed an angel
 24569 | D:12     | Noticed Sonja
 24571 | D:12     | Killed Sonja
 24715 | D:11     | Reached skill level 11 in Shields
 25004 | D:11     | Gained mutation: Your magical and physical power is
                  | slightly enhanced at high health. [demonic ancestry]
 25004 | D:11     | Reached XP level 15. HP: 117/119 MP: 15/15
 25429 | Orc:2    | Entered Level 2 of the Orcish Mines
 25436 | Orc:2    | Received a gift from Trog
 25442 | Orc:2    | Noticed Erolcha
 25493 | Orc:2    | Reached skill level 12 in Shields
 25501 | Orc:2    | Killed Erolcha
 25511 | Orc:2    | Received a gift from Trog
 25855 | Orc:2    | Reached skill level 13 in Shields
 25870 | Orc:2    | Reached ****** piety under Trog
 26110 | Orc:2    | Found a staircase to the Elven Halls.
 26199 | Orc:2    | Found Omahuk's General Store.
 26200 | Orc:2    | Found Hata's Jewellery Shop.
 26202 | Orc:2    | Found Vitaj's Antique Armour Shop.
 26202 | Orc:2    | Found Xehuyze's Antique Weapon Boutique.
 26220 | Orc:2    | Bought a pair of faintly humming gloves for 209 gold pieces
 26220 | Orc:2    | Identified the +3 pair of gloves of Fedhas's Regard {rElec
                  | Int+2} (You bought it in a shop on level 2 of the Orcish
                  | Mines)
 26220 | Orc:2    | Bought a pitted scarf for 220 gold pieces
 26220 | Orc:2    | Identified the scarf of the Thinker {harm, -Cast rF- Str+5
                  | SInv} (You bought it in a shop on level 2 of the Orcish
                  | Mines)
 26643 | Orc:1    | Identified the +8 double sword of Hell's Wrath {flame, rF+}
                  | (Trog gifted it to you on level 1 of the Orcish Mines)
 26643 | Orc:1    | Received a gift from Trog
 26806 | Orc:1    | Bought an amulet of reflection for 480 gold pieces
 26983 | Swamp:1  | Entered Level 1 of the Swamp
 27144 | Swamp:1  | Identified the +3 arbalest of Uncertain Death {flame,
                  | Dex+3}
 27314 | Swamp:1  | Reached skill level 14 in Shields
 27844 | Swamp:1  | Noticed a fenstrider witch
 27851 | Swamp:1  | Killed a fenstrider witch
 28248 | Swamp:2  | Reached skill level 8 in Armour
 28490 | Swamp:2  | Noticed a thorn hunter
 28505 | Swamp:2  | Reached skill level 15 in Shields
 28538 | Swamp:2  | Gained mutation: When hurt, damage is shared between your
                  | health and your magic reserves. [demonic ancestry]
 28538 | Swamp:2  | Reached XP level 16. HP: 69/127 MP: 16/16
 28545 | Swamp:2  | Killed a thorn hunter
 28852 | Swamp:2  | Noticed Aizul
 28863 | Swamp:2  | Killed Aizul
 29259 | Swamp:2  | Identified the +2 rapier "Vepn" {flame, +Blink rPois rN+}
 29362 | Swamp:2  | Reached skill level 12 in Fighting
 29653 | Swamp:2  | Noticed Donald
 29661 | Swamp:2  | Killed Donald
 29662 | Swamp:2  | Reached skill level 9 in Armour
 29704 | Swamp:2  | Noticed Jorgrun
 29711 | Swamp:2  | Killed Jorgrun
 30056 | Swamp:2  | Noticed a thorn hunter
 30063 | Swamp:2  | Killed a thorn hunter
 30075 | Swamp:2  | Noticed Mlioglotl
 30083 | Swamp:2  | Killed Mlioglotl
 30672 | Swamp:3  | Found a transporter.
 30672 | Swamp:3  | Noticed Palms's ghost (adept NaFi)
 30677 | Swamp:3  | Found a transporter.
 31069 | Swamp:3  | Found a bloodstained altar of Trog.
 31213 | Swamp:4  | Entered Level 4 of the Swamp
 31245 | Swamp:4  | Reached skill level 13 in Fighting
 31245 | Swamp:4  | Reached skill level 10 in Armour
 32053 | Swamp:4  | Identified the +5 chain mail of Disaster {rElec Int+2}
 32412 | Swamp:4  | Noticed the 27-headed Lernaean hydra
 32421 | Swamp:4  | Killed the 26-headed Lernaean hydra
 32571 | Swamp:4  | Reached skill level 11 in Armour
 32617 | Swamp:4  | Reached skill level 14 in Fighting
 32846 | Swamp:4  | Got a decaying rune of Zot
 33166 | Vaults:1 | Entered Level 1 of the Vaults
 33335 | Vaults:1 | Reached XP level 17. HP: 131/139 MP: 15/17
 34089 | Vaults:1 | Received a gift from Trog
 34142 | Vaults:1 | Reached skill level 12 in Armour
 34480 | Vaults:1 | Reached skill level 15 in Fighting
 34704 | Vaults:2 | Noticed Boris
 34716 | Vaults:2 | Killed Boris
 34828 | Vaults:2 | Found Keppeir's Armour Emporium.
 35509 | Vaults:2 | Identified the +0 pair of gloves "Bisamo" {rN++ Regen+
                  | Slay-6}
 35517 | Vaults:2 | Reached skill level 13 in Armour
 36017 | Vaults:2 | Reached skill level 16 in Fighting
 36211 | Vaults:2 | Identified the +9 falchion of Juin {heavy, Dex+2} (Trog
                  | gifted it to you on level 2 of the Vaults)
 36211 | Vaults:2 | Received a gift from Trog
 36224 | Vaults:2 | Paralysed by a sphinx for 5 turns
 36653 | Vaults:2 | Noticed Jory
 36653 | Vaults:2 | Noticed a dread lich
 36661 | Vaults:2 | Killed a dread lich
 36662 | Vaults:2 | Gained mutation: You frequently emit foul miasma when
                  | damaged in melee. [demonic ancestry]
 36662 | Vaults:2 | Reached XP level 18. HP: 97/153 MP: 13/18
 37298 | Vaults:2 | Killed Jory
 37299 | Vaults:2 | Reached skill level 14 in Armour
 37571 | Vaults:2 | Noticed a golden dragon
 37578 | Vaults:2 | Killed a golden dragon
 37865 | Vaults:3 | Reached skill level 17 in Fighting
 38063 | Vaults:3 | Received a gift from Trog
 38423 | Vaults:3 | Found a staircase to the Crypt.
 38642 | Vaults:3 | Reached skill level 15 in Armour
 39888 | Vaults:4 | Reached skill level 18 in Fighting
 40117 | Vaults:4 | Received a gift from Trog
 40684 | Vaults:4 | Gained mutation: Your magical and physical power is
                  | enhanced at high health. [demonic ancestry]
 40684 | Vaults:4 | Reached XP level 19. HP: 155/164 MP: 17/19
 41002 | Vaults:4 | Found a large runed translucent door.
 41002 | Vaults:4 | Found a large runed translucent door.
 41003 | Vaults:4 | Found a large runed translucent door.
 41003 | Vaults:4 | Found a large runed translucent door.
 41003 | Vaults:4 | Found a large runed translucent door.
 41003 | Vaults:4 | Found a large runed translucent door.
 41003 | Vaults:4 | Found a large runed translucent door.
 41003 | Vaults:4 | Found a large runed translucent door.
 41003 | Vaults:4 | Noticed Yptir's ghost (adept AtFE)
 41026 | Vaults:4 | Reached skill level 16 in Armour
 41511 | Vaults:4 | Noticed Sojobo
 41523 | Vaults:4 | Killed Sojobo
 41790 | Vaults:4 | Reached skill level 19 in Fighting
 41860 | Vaults:4 | Identified the +7 scimitar of Zuach {flame, rF+} (Trog
                  | gifted it to you on level 4 of the Vaults)
 41860 | Vaults:4 | Received a gift from Trog
 42432 | Spider:1 | Entered Level 1 of the Spider Nest
 42807 | Spider:1 | Noticed Asterion
 42819 | Spider:1 | Killed Asterion
 43591 | Spider:1 | Noticed Roxanne
 43596 | Spider:1 | Killed Roxanne
 44249 | Spider:2 | Reached skill level 17 in Armour
 45212 | Vaults:2 | Bought the +9 scales of the Dragon King {rPois rF+ rC+
                  | Will+} for 2745 gold pieces
 45212 | Vaults:2 | Found the +9 scales of the Dragon King {rPois rF+ rC+
                  | Will+}
 45489 | Spider:3 | Noticed Azrael
 45494 | Spider:3 | Killed Azrael
 45926 | Spider:3 | Found the +9 sword of Power {lifebolt}
 45962 | Spider:3 | Reached skill level 20 in Fighting
 46156 | Spider:3 | Identified the +4 short sword of Dung {heavy, Str+4}
 46504 | Spider:4 | Entered Level 4 of the Spider Nest
 46511 | Spider:4 | Identified the +4 demon blade of Trog's Castigation {flame,
                  | rElec Will+} (Trog gifted it to you on level 4 of the
                  | Spider Nest)
 46511 | Spider:4 | Received a gift from Trog
 46868 | Spider:4 | Reached XP level 20. HP: 138/176 MP: 18/20
 47571 | Spider:4 | Got a gossamer rune of Zot
 47582 | Spider:4 | Identified the +0 hat of Ydes Kyl {Int+3}
 48226 | Elf:1    | Entered Level 1 of the Elven Halls
 48240 | Elf:1    | Reached skill level 18 in Armour
 48377 | Elf:1    | Received a gift from Trog
 48452 | Elf:1    | You fall into a shaft and drop 1 floor!
 48483 | Elf:2    | Found a radiant altar of Vehumet.
 48793 | Elf:1    | Reached skill level 21 in Fighting
 48949 | Elf:1    | Received a gift from Trog
 49766 | Elf:2    | Received a gift from Trog
 49912 | Elf:2    | Found a runed translucent gate.
 49913 | Elf:2    | Found a runed translucent gate.
 49913 | Elf:2    | Found a runed translucent gate.
 50045 | Elf:3    | Entered Level 3 of the Elven Halls
 50305 | Elf:3    | Reached skill level 19 in Armour
 51111 | Elf:3    | Identified the +9 short sword "Giantslayer" {venom, Fly
                  | Dex+4}
 51351 | Elf:3    | Received a gift from Trog
 51360 | Elf:3    | Reached XP level 21. HP: 188/188 MP: 21/21
 51514 | Elf:3    | Identified the +1 morningstar of the Fortifying Vulture
                  | {pain, rC++ Str+3 Int-3}
 51524 | Elf:3    | Identified the +1 war axe of Jucuboph {protect, rF- Will++
                  | Dex+4}
 51748 | Elf:3    | Identified the +1 mace of Wounding {flame, Str+2}
 51770 | Elf:3    | Reached skill level 22 in Fighting
 52007 | Elf:3    | Identified the +1 hand axe of Waiv {flame, Will+}
 52044 | Elf:3    | Identified the staff of poison "Meby" {rPois rCorr Int-4
                  | Dex+3 SInv}
 52059 | Elf:3    | Identified the staff of earth "Zeudo" {rF+ rN+ Str+2 Int+4}
 52065 | Elf:3    | Identified the +4 shortbow "Liddosm" {flame, Will+}
 52294 | D:15     | Entered Level 15 of the Dungeon
 52366 | D:15     | Found a sparkling altar of Nemelex Xobeh.
 52522 | D:15     | Found a staircase to the Depths.
 52670 | D:15     | Identified the +5 falchion of Compulsion {heavy, rN+} (Trog
                  | gifted it to you on level 15 of the Dungeon)
 52670 | D:15     | Received a gift from Trog
 53075 | Depths:1 | Entered Level 1 of the Depths
 53148 | Depths:1 | Identified the ring of Xaomineg {Fly rElec rC+ Str+6 Dex+3}
 53211 | Depths:1 | Found Viudefah's Antique Armour Emporium.
 53218 | Depths:1 | Found Vivunyam's Armour Shoppe.
 53460 | Depths:1 | Found a runed translucent door.
 53461 | Depths:1 | Noticed lmSkywalker's ghost (adept DrTm)
 53650 | Depths:1 | Identified the +2 scale mail of Duty {Rampage Will+}
 53822 | Depths:1 | Paralysed by a floating eye for 3 turns
 53994 | Depths:1 | Found a gateway to Hell.
 54183 | Depths:1 | Killed lmSkywalker's ghost
 54184 | Depths:1 | Reached skill level 10 in Dodging
 54276 | Depths:2 | Noticed Mara
 54277 | Depths:2 | Noticed Vv
 54293 | Depths:2 | Killed Vv
 54298 | Depths:2 | Noticed demibob's illusion
 54299 | Depths:2 | Killed Mara
 54471 | Depths:2 | Found a portal to a secret trove of treasure.
 54514 | Depths:2 | Identified the ring of Asicim {Ice Will+ Str+2 Int+3}
 54514 | Depths:2 | Noticed Josephina
 54528 | Depths:2 | Killed Josephina
 54726 | Trove    | Entered a treasure trove
 55141 | Depths:2 | Found a one-way gateway to a ziggurat.
 55155 | Depths:2 | Reached skill level 23 in Fighting
 55286 | Depths:2 | Reached skill level 11 in Dodging
 55297 | Depths:2 | Reached * piety under Trog
 55306 | Depths:2 | Found a one-way gate leading to the halls of Pandemonium.
 55793 | Depths:3 | Paralysed by a floating eye for 2 turns
 55824 | Depths:3 | Gained mutation: When low on magic, you restore magic in
                  | place of health. [demonic ancestry]
 55824 | Depths:3 | Reached XP level 22. HP: 90/194 MP: 20/22
 56145 | Depths:3 | Identified the +9 trident "Geap" {chaos, rC+ rN+ Will+
                  | MP-9}
 56186 | Depths:3 | Reached skill level 12 in Dodging
 56754 | Depths:3 | Noticed a golden dragon
 56765 | Depths:3 | Killed a golden dragon
 56873 | Depths:3 | Noticed Parghit
 57019 | Depths:3 | Killed Parghit
 57107 | Depths:3 | Found a one-way gate to the infinite horrors of the Abyss.
 57161 | Depths:3 | Noticed Frederick
 57169 | Depths:3 | Killed Frederick
 57287 | Depths:3 | Identified the ring "Usonnu" {rN+ rCorr Int+4}
 57559 | Depths:4 | Entered Level 4 of the Depths
 57582 | Depths:4 | Reached skill level 24 in Fighting
 57582 | Depths:4 | Reached skill level 13 in Dodging
 57591 | Depths:4 | Noticed a juggernaut
 57609 | Depths:4 | Killed a juggernaut
 57628 | Depths:4 | Found a gate to the Realm of Zot.
 57910 | Depths:4 | Noticed a caustic shrike
 57910 | Depths:4 | Noticed a caustic shrike
 57921 | Depths:4 | Killed a caustic shrike
 57922 | Depths:4 | Noticed a caustic shrike
 57924 | Depths:4 | Killed a caustic shrike
 57934 | Depths:4 | Killed a caustic shrike
 57934 | Depths:4 | Noticed a caustic shrike
 57938 | Depths:4 | Killed a caustic shrike
 58282 | Depths:4 | Found an opulent altar of Gozag.
 58385 | Depths:4 | Reached skill level 14 in Dodging
 58870 | Vaults:5 | Entered Level 5 of the Vaults
 59418 | Vaults:4 | Reached XP level 23. HP: 210/211 MP: 23/23
 59477 | Vaults:5 | Identified the ring of Tupiaggu {rPois rC+ Dex+3 SInv}
 59484 | Vaults:5 | Identified the ring of the Establishment {*Slow +Blink
                  | Str+6 Slay+3 SInv}
 59543 | Vaults:5 | Noticed an ancient lich
 59545 | Vaults:5 | Reached skill level 25 in Fighting
 59551 | Vaults:5 | Killed an ancient lich
 59905 | Vaults:5 | Identified the +1 scale mail "Foolux" {Int+3}
 59959 | Vaults:5 | Received a gift from Trog
 59988 | Vaults:5 | Reached skill level 15 in Dodging
 60235 | Vaults:5 | Identified the +10 giant spiked club of Kaalluj {freeze,
                  | rF+ Str+2}
 60238 | Vaults:5 | Identified the staff of cold "Jellen" {*Slow Fragile Fly
                  | rC+ Will+++}
 60333 | Vaults:5 | Noticed a dread lich
 60343 | Vaults:5 | Killed a dread lich
 60962 | Vaults:5 | Reached skill level 16 in Shields
 61112 | Vaults:5 | Identified the +4 spear "Model" {antimagic, rF+ rCorr
                  | Str+5}
 61299 | Vaults:5 | Noticed an ancient lich
 61315 | Vaults:5 | Killed an ancient lich
 61517 | Vaults:5 | Identified the amulet "Zeotutwulum" {RegenMP Dex+3 Slay+4}
 61641 | Vaults:5 | Received a gift from Trog
 61808 | Vaults:5 | Identified the +0 chain mail of Xissorch {rC+ Dex+3 Stlth+}
 61836 | Vaults:5 | Identified the staff of poison "Vaun" {rPois Dex+4}
 61838 | Vaults:5 | Got a silver rune of Zot
 61847 | Vaults:5 | Identified the staff of cold "Puproprue" {rElec rC+}
 62020 | Crypt:1  | Entered Level 1 of the Crypt
 62242 | Crypt:1  | Identified the +1 chain mail "Rys Taig" {Stlth+}
 62600 | Crypt:1  | Noticed a curse skull
 62608 | Crypt:1  | HP: 18/214 [??? (6)]
 62639 | Crypt:1  | Killed a curse skull
 63180 | Crypt:2  | Noticed a curse skull
 63189 | Crypt:2  | Killed a curse skull
 63444 | Crypt:2  | Found a magical portal.
 63460 | WizLab   | Entered The Roulette of Golubria
 63460 | WizLab   | Found a transporter.
 63465 | WizLab   | Found the +1 cloak of Starlight {*Dazzle EV+4 Stlth--}
 63465 | WizLab   | Found a corrupted altar of Lugonu.
 63487 | WizLab   | Found a transporter.
 63488 | WizLab   | Found a corrupted altar of Lugonu.
 63517 | WizLab   | Found a transporter.
 63517 | WizLab   | Found a transporter.
 63572 | WizLab   | Reached skill level 17 in Shields
 63574 | WizLab   | Reached skill level 16 in Dodging
 63677 | WizLab   | Found a transporter.
 63712 | WizLab   | Received a gift from Trog
 63741 | WizLab   | Found a transporter.
 63792 | WizLab   | Found a transporter.
 63821 | WizLab   | Found a transporter.
 63837 | WizLab   | Found a transporter.
 63861 | WizLab   | Found a transporter.
 63988 | WizLab   | Found a transporter.
 63988 | WizLab   | Found a transporter.
 64019 | WizLab   | Found a transporter.
 64038 | WizLab   | Found a transporter.
 64040 | WizLab   | Found a transporter.
 64062 | WizLab   | Identified the +0 cloak of the Moon Troll {rF+ Int+3}
 64066 | WizLab   | Identified the +1 cloak "Arhisups" {Dex+3}
 64070 | WizLab   | Identified the +1 cloak of Analysis {rF+ MP+9}
 64251 | Crypt:2  | Noticed a curse skull
 64305 | Crypt:2  | Killed a curse skull
 64379 | Crypt:2  | Noticed a curse skull
 64391 | Crypt:2  | Killed a curse skull
 64392 | Crypt:2  | Reached XP level 24. HP: 133/223 MP: 14/23
 65071 | Crypt:2  | Found a runed translucent gate.
 65072 | Crypt:2  | Found a runed translucent gate.
 65073 | Crypt:2  | Found a runed translucent gate.
 65108 | Crypt:3  | Entered Level 3 of the Crypt
 65108 | Crypt:3  | Found a staircase to the Tomb.
 65309 | Crypt:3  | Reached skill level 26 in Fighting
 65432 | Crypt:3  | Noticed a curse skull
 65438 | Crypt:3  | Killed a curse skull
 65578 | Crypt:3  | Reached skill level 18 in Shields
 65635 | Crypt:3  | Received a gift from Trog
 65719 | Crypt:3  | Noticed Saint Roka
 65773 | Crypt:3  | Killed Saint Roka
 66078 | Crypt:3  | Identified a scroll of acquirement
 66258 | Crypt:3  | Found a basalt altar of Yredelemnul.
 66275 | Crypt:3  | Noticed a royal mummy
 66290 | Crypt:3  | Killed a royal mummy
 66472 | Crypt:3  | Identified the +1 pair of gloves "Meyhel" {rC+++ Str+3
                  | Int-2 Dex+3}
 66499 | Crypt:3  | Acquired the +1 pair of boots of Eternal Vigilance {rElec
                  | Dex+3}
 66640 | Crypt:3  | Noticed Margery
 66723 | Crypt:3  | Killed Margery
 67164 | Crypt:3  | Noticed Zenata
 67911 | Crypt:3  | Killed Zenata
 68589 | Zot:1    | Entered Level 1 of the Realm of Zot
 68613 | Zot:1    | Reached skill level 17 in Dodging
 68766 | Zot:1    | Noticed a curse toe
 69081 | Zot:1    | Killed a curse toe
 69292 | Zot:1    | Noticed an orb of fire
 69314 | Zot:1    | Killed an orb of fire
 69789 | Zot:1    | Found the +4 dragonskin cloak
 69789 | Zot:1    | Noticed Tiamat
 70110 | Zot:1    | Noticed an orb of fire
 70119 | Zot:1    | Killed an orb of fire
 70327 | Zot:1    | Killed Tiamat
 70780 | Zot:1    | Gained mutation: Your magical and physical power is greatly
                  | enhanced at high health. [demonic ancestry]
 70780 | Zot:1    | Reached XP level 25. HP: 232/232 MP: 23/23
 70859 | Zot:1    | Received a gift from Trog
 70903 | Zot:2    | Found a shimmering altar of Xom.
 70922 | Zot:2    | Reached skill level 27 in Fighting
 70956 | Zot:2    | Noticed an electric golem
 70964 | Zot:2    | Reached skill level 18 in Dodging
 70978 | Zot:2    | Killed an electric golem
 70979 | Zot:2    | Reached skill level 16 in Long Blades
 70985 | Zot:2    | Noticed a curse toe
 70999 | Zot:2    | Killed a curse toe
 71712 | Zot:2    | Found a bloodstained altar of Trog.
 72408 | Zot:3    | Noticed a curse toe
 72436 | Zot:2    | Upgraded the game from 0.30-a0-953-g5f1da4a474 to
                  | 0.30-a0-956-gcec3b41aec
 72782 | Zot:3    | Killed a curse toe
 73264 | Zot:3    | Identified the +5 chain mail "Put-Me-On" {Contam rElec
                  | Regen+ Int+6 SInv}
 73269 | Zot:3    | Noticed a curse toe
 73379 | Zot:3    | Reached skill level 17 in Long Blades
 73417 | Zot:3    | Reached skill level 19 in Dodging
 73622 | Zot:3    | Killed a curse toe
 73674 | Zot:3    | Noticed a Killer Klown
 73688 | Zot:3    | Received a gift from Trog
 73700 | Zot:3    | Identified the ring "Naoriela" {AC+4 Str+4 Dex-3}
 73709 | Zot:3    | a Killer Klown changed into a dire elephant
 74141 | Zot:3    | Upgraded the game from 0.30-a0-956-gcec3b41aec to
                  | 0.30-a0-1043-g60ff8d5f49
 74319 | Zot:4    | Identified the +1 scale mail of Shadows and Fog {rElec rF++
                  | rC- Stlth+}
 75090 | Zot:4    | Reached skill level 18 in Long Blades
 75385 | Zot:4    | Received a gift from Trog
 75532 | Zot:4    | Noticed a curse toe
 75544 | Zot:4    | Killed a curse toe
 75630 | Zot:4    | Identified the +1 hand axe "Riodaox" {chaos, rF- Int+6}
 76153 | Slime:1  | Entered Level 1 of the Pits of Slime
 76179 | Slime:1  | Reached XP level 26. HP: 235/242 MP: 22/23
 76184 | Slime:1  | Reached skill level 20 in Dodging
 76236 | Slime:1  | Gained mutation: You have large cloven feet. [a shining
                  | eye]
 76379 | Slime:4  | Received a gift from Trog
 76464 | Slime:5  | Entered Level 5 of the Pits of Slime
 76487 | Slime:5  | Noticed the Royal Jelly
 76540 | Slime:5  | HP: 22/242 [disintegration (22)]
 76906 | Slime:5  | Found the +5 scythe "Finisher" {speed, eviscerate}
 76907 | Slime:5  | Found a viscous altar of Jiyva.
 76928 | Slime:5  | Killed the Royal Jelly
 77027 | Slime:5  | Identified the +2 pair of boots of a volcano {rC- Int+7}
 77037 | Slime:5  | Identified the +1 long sword "Uckaim" {venom, Will+ MP-9
                  | Dex+5}
 77048 | Slime:5  | Identified the +0 plate armour of Hauripomn {Str+4}
 77090 | Slime:5  | Identified the +3 war axe "Dualis" {flame, Fly rF++ rC+
                  | Str-3}
 77102 | Slime:5  | Got a slimy rune of Zot
 77116 | Slime:5  | Gained mutation: Armour fits poorly on your strangely
                  | shaped body. [a shining eye]
 77181 | Lair:4   | Lost mutation: Armour fits poorly on your strangely shaped
                  | body. [potion of mutation]
 77181 | Lair:4   | Lost mutation: You have large cloven feet. [potion of
                  | mutation]
 77181 | Lair:4   | Gained mutation: You are clumsy. (Dex -2) [potion of
                  | mutation]
 77181 | Lair:4   | Gained mutation: Your mind is acute. (Int +4, Str/Dex -1)
                  | [potion of mutation]
 77182 | Lair:4   | Lost mutation: You are clumsy. (Dex -2) [potion of
                  | mutation]
 77182 | Lair:4   | Lost mutation: Your mind is acute. (Int +4, Str/Dex -1)
                  | [potion of mutation]
 77182 | Lair:4   | Gained mutation: You sometimes lose your temper in combat.
                  | [potion of mutation]
 77182 | Lair:4   | Gained mutation: You are covered in fur. (AC +1) [potion of
                  | mutation]
 77182 | Lair:4   | Gained mutation: Your system is resistant to poisons.
                  | (rPois) [potion of mutation]
 77183 | Lair:4   | Lost mutation: You sometimes lose your temper in combat.
                  | [potion of mutation]
 77183 | Lair:4   | Lost mutation: You are covered in fur. (AC +1) [potion of
                  | mutation]
 77183 | Lair:4   | Gained mutation: Your mind is acute. (Int +4, Str/Dex -1)
                  | [potion of mutation]
 77827 | Zot:5    | Entered Level 5 of the Realm of Zot
 77852 | Zot:4    | Reached skill level 19 in Long Blades
 77861 | Zot:5    | Identified the ring of Ytung {rN+++ rCorr Str-3 Int+6}
 78496 | Zot:5    | Reached skill level 21 in Dodging
 78575 | Zot:5    | Noticed an ancient lich
 78590 | Zot:5    | Noticed a dread lich
 78593 | Zot:5    | Killed an ancient lich
 78593 | Zot:5    | Received a gift from Trog
 78604 | Zot:5    | Killed a dread lich
 78607 | Zot:5    | Noticed an orb of fire
 78614 | Zot:5    | Gained mutation: Your muscles are strong. (Str +4, Int/Dex
                  | -1) [an orb of fire]
 78616 | Zot:5    | Killed an orb of fire
 78619 | Zot:5    | Noticed a dread lich
 78633 | Zot:5    | Killed a dread lich
 78646 | Zot:5    | Noticed an electric golem
 78986 | Zot:5    | Noticed a dread lich
 78990 | Zot:5    | Killed an electric golem
 78996 | Zot:5    | Killed a dread lich
 79013 | Zot:5    | Identified the +0 scimitar "Lungouw" {flame, rC+}
 79056 | Zot:5    | Reached skill level 20 in Long Blades
 79217 | Zot:5    | Got the Orb of Zot
 79274 | Zot:5    | Noticed Tounavac the pandemonium lord
 79420 | Depths:3 | Noticed Tuoddeapt the pandemonium lord
 79616 | D:12     | Gained mutation: Your movements are slightly less
                  | encumbered by armour. (ER -2) [a neqoxec]
 79617 | D:12     | Gained mutation: Armour fits poorly on your strangely
                  | shaped body. [a neqoxec]
 79620 | D:12     | Lost mutation: Your system is resistant to poisons. (rPois)
                  | [potion of mutation]
 79620 | D:12     | Lost mutation: Your movements are slightly less encumbered
                  | by armour. (ER -2) [potion of mutation]
 79620 | D:12     | Gained mutation: You are agile. (Dex +4, Str/Int -1)
                  | [potion of mutation]
 79620 | D:12     | Gained mutation: Your body sometimes deteriorates upon
                  | taking damage. [potion of mutation]
 79620 | D:12     | Lost mutation: Your body sometimes deteriorates upon taking
                  | damage. [potion of mutation]
 79621 | D:12     | Lost mutation: Armour fits poorly on your strangely shaped
                  | body. [potion of mutation]
 79621 | D:12     | Lost mutation: Your mind is acute. (Int +4, Str/Dex -1)
                  | [potion of mutation]
 79621 | D:12     | Lost mutation: You are agile. (Dex +4, Str/Int -1) [potion
                  | of mutation]
 79621 | D:12     | Gained mutation: You are strong-willed. (Will+) [potion of
                  | mutation]
 79621 | D:12     | Gained mutation: Your magical capacity is low. (-10% MP)
                  | [potion of mutation]
 79621 | D:12     | Gained mutation: You are robust. (+10% HP) [potion of
                  | mutation]
 79873 | D:1      | Noticed Lakuv the pandemonium lord
 79874 | D:$      | Escaped with the Orb!

Vanquished Creatures
  5 dread liches
  3 ancient liches
  Tiamat (Zot:1)
  3 orbs of fire
  A juggernaut (Depths:4)
  A royal mummy (Crypt:3)
  Sojobo (Vaults:4)
  Vv (Depths:2)
  Josephina (Depths:2)
  the Lernaean hydra (Swamp:4)
  Boris (Vaults:2)
  Frederick (Depths:3)
  Saint Roka (Crypt:3)
  A Killer Klown (Zot:5)
  Parghit (Depths:3)
  The ghost of lmSkywalker the Warrior, an adept DrTm of Okawaru (Depths:1)
  Margery (Crypt:3)
  10 golden dragons
  4 caustic shrikes (Depths:4)
  5 curse toes
  Jory (Vaults:2)
  2 electric golems
  Rupert (D:12)
  An Ice Fiend (Zot:4)
  12 tentacled monstrosities
  Mlioglotl (Swamp:2)
  Jorgrun (Swamp:2)
  Zenata (Crypt:3)
  A Hell Sentinel (D:15)
  5 liches
  A walking earthen tome (Depths:3)
  Asterion (Spider:1)
  28 Orb Guardians
  2 deep elf blademasters (Elf:3)
  6 quicksilver dragons
  10 death cobs
  5 sphinxes
  12 acid blobs
  5 titans
  A deep elf master archer (Elf:3)
  An eldritch tentacle (WizLab)
  2 ancient champions
  2 thorn hunters (Swamp:2)
  Gastronok (D:12)
  A tentacled starspawn (WizLab)
  12 shadow dragons
  Roxanne (Spider:1)
  10 tengu reavers
  2 revenants
  24 storm dragons
  6 rockslimes
  A fenstrider witch (Swamp:1)
  Donald (Swamp:2)
  8 draconian monks
  7 azure jellies
  25 vault wardens
  5 frost giants
  12 draconian knights
  8 fire giants
  2 ghost moths
  9 draconian scorchers
  5 iron dragons
  3 emperor scorpions
  Aizul (Swamp:2)
  13 draconian shifters
  5 curse skulls
  5 deep elf sorcerers
  4 deep elf elementalists (Elf:3)
  A balrug (Depths:2)
  A shard shrike simulacrum (Crypt:3)
  12 draconian stormcallers
  4 orc warlords
  4 war gargoyles
  11 draconian annihilators
  18 ironbound preservers
  A broodmother (Spider:4)
  6 stone giants
  25 very ugly things
  6 quicksilver oozes
  5 ironbound thunderhulks
  3 reapers
  20 green draconians
  6 deep elf demonologists
  6 vampire knights
  15 purple draconians
  12 dire elephants
  13 red draconians
  17 yellow draconians
  18 black draconians
  Azrael (Spider:3)
  7 eleionomae
  20 white draconians
  A spark wasp (shapeshifter) (Depths:3)
  4 spark wasps
  7 deep elf annihilators
  A blizzard demon (Depths:2)
  6 bunyips
  3 eidola
  3 shambling mangroves
  7 ettins
  9 deep elf death magi
  A crystal guardian (Vaults:3)
  3 fire dragons
  10 jiangshi
  6 mummy priests (Crypt:3)
  4 deep elf high priests
  7 great orbs of eyes
  13 hydras
  3 rakshasas
  4 entropy weavers
  2 hell beasts (Depths:2)
  5 ice dragons
  10 yaktaur captains
  40 vault guards
  3 peacekeepers
  A catoblepas (Lair:4)
  A caustic shrike simulacrum (Depths:2)
  A merfolk avatar (Lair:5)
  Erolcha (Orc:2)
  A spriggan air mage (Depths:3)
  6 radroaches
  An ogre mage (Vaults:4)
  7 centaur warriors
  6 ironbound frosthearts
  21 dancing weapons
  9 boulder beetles
  3 deep troll shamans
  7 alligators
  2 hell hogs (Depths:1)
  2 two-headed ogres
  A death scarab (Spider:3)
  9 tengu warriors
  2 deep troll earth magi
  A thrashing horror (WizLab)
  6 orc high priests
  8 vampire magi
  2 sun demons
  Sonja (D:12)
  4 spriggan berserkers
  17 hell knights
  5 soul eaters
  10 deep elf knights
  11 spriggans
  22 skeletal warriors
  A salamander mystic (Depths:1)
  2 skysharks
  A skyshark (shapeshifter) (Elf:3)
  10 flayed ghosts
  2 sun moths
  A sixfirhy (Depths:1)
  A sea snake (shapeshifter) (Vaults:5)
  A shadow wraith (Crypt:3)
  5 glowing orange brains
  9 goliath frogs
  A fire crab (shapeshifter) (Elf:3)
  7 pharaoh ants
  A deep troll (shapeshifter) (Elf:3)
  A death drake (Swamp:2)
  A quicksilver dragon simulacrum (Crypt:3)
  14 swamp dragons
  3 spriggan druids
  43 deep trolls
  8 orb spiders
  9 bog bodies
  3 wolf spider zombies
  15 deep elf archers
  19 ironbound convokers
  An obsidian statue (WizLab)
  2 anaconda skeletons (WizLab)
  8 necromancers
  12 phantasmal warriors
  4 wizards
  12 steelbarb worms
  32 deep elf zephyrmancers
  4 lindwurms
  Pikel (D:4)
  27 ugly things
  12 orc knights
  5 orc sorcerers
  13 wolf spiders
  3 manticores
  34 deep elf pyromancers
  6 will-o-the-wisps
  4 cyclopes
  4 shining eyes
  2 dire elephant zombies (Crypt:2)
  30 moths of wrath
  4 salamanders (Depths:1)
  Maurice (D:8)
  A centaur zombie (D:15)
  An iron dragon skeleton (Crypt:2)
  7 black mambas
  18 vault sentinels
  A guardian serpent (shapeshifter) (D:15)
  2 worldbinders (WizLab)
  26 elephants
  2 eyes of devastation
  A guardian serpent (Depths:1)
  2 gargoyles
  7 demonic crawlers
  A rust devil (D:6)
  9 apocalypse crabs (Depths:2)
  2 unseen horrors
  9 torpor snails
  4 orange demons
  2 smoke demons
  5 hellions
  11 cane toads
  A kobold demonologist (D:13)
  5 rime drakes
  3 centaur skeletons
  An orb spider zombie (Crypt:3)
  A dire elephant skeleton (Crypt:3)
  A death yak zombie (Crypt:2)
  6 komodo dragons
  A tengu conjurer (Depths:4)
  2 efreet
  8 freezing wraiths
  39 yaktaurs
  An ice devil (Depths:2)
  30 guardian mummies (Crypt:3)
  2 red devils (Depths:4)
  A white draconian skeleton (Crypt:3)
  A queen bee (D:15)
  A harpy zombie (Crypt:3)
  A purple draconian skeleton (Crypt:3)
  A queen bee (shapeshifter) (Vaults:5)
  A bloated husk (Swamp:2)
  A death drake zombie (Crypt:2)
  13 hornets
  13 meliai
  7 tyrant leeches
  14 tarantellas
  A tengu simulacrum (Depths:2)
  5 trolls
  A hellwing (Depths:2)
  6 polar bears
  Grinder (D:3)
  A tarantella (shapeshifter) (D:13)
  A snapping turtle (shapeshifter) (Vaults:5)
  14 blink frogs
  70 slime creatures
  20 culicivoras
  2 fire giant simulacra (Depths:2)
  Sigmund (D:5)
  An air elemental (Elf:1)
  15 flying skulls
  A vampire (D:10)
  26 jumping spiders
  A ynoxinul (Depths:2)
  A fire dragon skeleton (Crypt:1)
  7 water elementals
  3 large abominations
  5 ushabtiu (Crypt:3)
  45 yaks
  5 wyverns
  A shadow (D:11)
  6 fire elementals
  4 basilisks
  7 wraiths
  36 redbacks
  7 golden eyes
  A black mamba skeleton (Crypt:1)
  A steam dragon (D:8)
  2 vampire mosquitoes (D:10)
  2 neqoxecs
  2 chaos spawn (Depths:2)
  Menkaure (D:5)
  A redback (shapeshifter) (Elf:1)
  3 wargs (Orc:2)
  20 swamp worms
  Edmund (D:5)
  5 spatial vortices (WizLab)
  3 acid dragons
  A harpy simulacrum (Crypt:3)
  5 hell hounds (Spider:3)
  Duvessa (D:7)
  8 swamp drakes
  A fire bat skeleton (Crypt:1)
  11 water moccasins
  2 floating eyes
  44 orc warriors
  A sky beast (D:6)
  A hornet zombie (Crypt:1)
  A black bear (shapeshifter) (Elf:1)
  2 black bears
  3 ice beasts
  4 ogres
  27 wolves
  6 centaurs
  6 boggarts
  A lemure (D:4)
  A dream sheep skeleton (Crypt:2)
  2 phantoms
  A kobold brigand (D:7)
  Blork the orc (D:5)
  A rime drake skeleton (Crypt:1)
  11 bullfrogs
  A gnoll sergeant (D:7)
  5 scorpions
  A human simulacrum (Depths:2)
  4 earth elementals
  2 small abominations (Gauntlet)
  A troll zombie (Crypt:3)
  Dowan (D:7)
  21 killer bees
  4 electric eels
  4 howler monkeys (D:9)
  A shapeshifter skeleton (Crypt:1)
  A quasit (WizLab)
  A jelly (D:6)
  23 orc priests
  4 hounds
  Crazy Yiuf (D:3)
  Jessica (D:2)
  2 iguanas (D:6)
  34 orc wizards
  5 yak simulacra (D:10)
  2 hell rats (Lair:1)
  3 wolf simulacra (D:10)
  17 mummies (Crypt:3)
  13 gnolls
  5 adders
  5 river rats (Lair:1)
  A swamp drake skeleton (Crypt:3)
  2 white imps
  An ufetubus (D:5)
  4 dart slugs
  2 worms (D:2)
  97 orcs
  5 ball pythons
  5 bats
  10 endoplasms
  2 giant cockroaches
  8 goblins
  9 hobgoblins
  2 jackals (D:3)
  2 quokkas
  A ball python skeleton (Crypt:2)
  2 dart slug zombies
  5 frilled lizards
  13 kobolds
  A quokka skeleton (Crypt:3)
  7 rats
  3 river rat simulacra (D:10)
  2 river rat skeletons (Crypt:3)
  A starspawn tentacle (WizLab)
2339 creatures vanquished.

Vanquished Creatures (collateral kills)
  the Royal Jelly (Slime:5)
  Mara (Depths:2)
  3 acid blobs (Slime:5)
  A rockslime (Slime:5)
  An azure jelly (Slime:3)
  A draconian annihilator (Zot:4)
  A minotaur (Gauntlet)
  A green draconian (Zot:4)
  A bunyip (Swamp:2)
  2 hydras
  A tengu warrior (Depths:2)
  A skyshark (Lair:5)
  A manticore (Lair:5)
  3 elephants (Lair:5)
  5 slime creatures (Slime:3)
  A cane toad (Lair:5)
  3 komodo dragons (Lair:5)
  A sea snake skeleton (Crypt:1)
  A polar bear (Lair:5)
  A hornet (Lair:5)
  A wind drake (Lair:5)
  4 blink frogs (Lair:5)
  A snapping turtle (Lair:5)
  A wyvern (Lair:5)
  A golden eye (Slime:3)
  A basilisk (Lair:5)
  2 swamp worms (Lair:2)
  A centaur (D:7)
  A killer bee (D:7)
  An electric eel (Lair:2)
45 creatures vanquished.

Vanquished Creatures (others)
  A fire giant (Depths:1)
  A necromancer (Crypt:3)
  A moth of wrath (Zot:3)
  3 bloated husks
  A slime creature (D:15)
  A vampire (D:13)
  2 orcs (Orc:2)
  A briar patch (Swamp:2)
  34 foxfires
  31 fungi
  83 plants
  A starspawn tentacle (WizLab)
160 creatures vanquished.

Grand Total: 2544 creatures vanquished

Table legend: (Time is in decaauts)
 A = Elapsed time spent in this place.
 B = Non-inter-level travel time spent in this place.
 C = Inter-level travel time spent in this place.
 D = Time resting spent in this place.
 E = Time spent auto-exploring this place.
 F = Levels seen in this place.
 G = Mean time per level.
                   A        B        C        D        E       F      G
               +--------+--------+--------+--------+--------+-----+--------+
         Total |  78851 |  72349 |   6502 |  12245 |  46989 |  58 | 1359.5 |
       Dungeon |  17609 |  15204 |   2405 |    799 |  11822 |  15 | 1173.9 |
          Lair |   9921 |   8844 |   1077 |   1493 |   5874 |   5 | 1984.2 |
         Swamp |   6263 |   5980 |    283 |   1163 |   4047 |   4 | 1565.8 |
   Spider Nest |   5061 |   4809 |    252 |    866 |   3234 |   4 | 1265.2 |
    Slime Pits |    928 |    876 |     52 |    419 |      0 |   5 |  185.6 |
  Orcish Mines |   1812 |   1549 |    263 |    327 |    902 |   2 |  906.0 |
   Elven Halls |   3857 |   3684 |    173 |    679 |   2178 |   3 | 1285.7 |
        Vaults |  12303 |  11483 |    820 |   2163 |   7661 |   5 | 2460.6 |
         Crypt |   5355 |   5204 |    151 |   1027 |   3198 |   3 | 1785.0 |
        Depths |   6265 |   5527 |    738 |   1131 |   3317 |   4 | 1566.2 |
           Zot |   7996 |   7712 |    284 |   2025 |   3990 |   5 | 1599.2 |
         Trove |     37 |     37 |      0 |      0 |     32 |   1 |   37.0 |
        Wizlab |    702 |    702 |      0 |      0 |    376 |   1 |  702.0 |
      Gauntlet |    736 |    736 |      0 |    150 |    354 |   1 |  736.0 |
               +--------+--------+--------+--------+--------+-----+--------+

Top non-repeatable levels by time:
Vaults:2: 3529 daAuts
Vaults:4: 3121 daAuts
 Crypt:3: 3022 daAuts
  Lair:2: 2626 daAuts
 Swamp:2: 2307 daAuts
    D:10: 2138 daAuts
Vaults:5: 2074 daAuts
   Elf:3: 2041 daAuts
  Lair:3: 1942 daAuts
Vaults:3: 1928 daAuts
   Zot:1: 1847 daAuts
   Zot:4: 1821 daAuts
  Lair:4: 1820 daAuts
  Lair:1: 1784 daAuts
  Lair:5: 1748 daAuts

Table legend:
 A = Non-vault XP
 B = Vault XP
 C = Vault XP percentage of total XP
 D = Non-vault monster count
 E = Vault monster count
 F = Vault count percentage of total count
                 A         B        C        D         E       F
            +---------+---------+-------+---------+---------+-------
      Total |  822518 |  655745 |  44.4 |    1494 |     859 |  36.5
            +---------+---------+-------+---------+---------+-------
        D:1 |      42 |       0 |   0.0 |      23 |       0 |   0.0
        D:2 |      81 |      37 |  31.4 |      22 |       1 |   4.3
        D:3 |      78 |     327 |  80.7 |      21 |       7 |  25.0
        D:4 |     259 |     593 |  69.6 |      28 |       1 |   3.4
        D:5 |     519 |     661 |  56.0 |      15 |       4 |  21.1
        D:6 |    1359 |       0 |   0.0 |      19 |       0 |   0.0
        D:7 |    1443 |     210 |  12.7 |      30 |       2 |   6.2
        D:8 |     667 |     493 |  42.5 |      15 |       1 |   6.2
        D:9 |    1365 |       0 |   0.0 |      10 |       0 |   0.0
       D:10 |    4831 |    1490 |  23.6 |      21 |      29 |  58.0
       D:11 |    9791 |       0 |   0.0 |      27 |       0 |   0.0
       D:12 |    2256 |    4155 |  64.8 |       8 |       3 |  27.3
       D:13 |    3079 |    1654 |  34.9 |       9 |       2 |  18.2
       D:14 |    6476 |    1910 |  22.8 |      14 |       3 |  17.6
       D:15 |    6221 |   11759 |  65.4 |      11 |      37 |  77.1
     Lair:1 |    5410 |     135 |   2.4 |      23 |       9 |  28.1
     Lair:2 |    4827 |    6731 |  58.2 |      26 |      18 |  40.9
     Lair:3 |    6040 |    4701 |  43.8 |      17 |      14 |  45.2
     Lair:4 |    5271 |       0 |   0.0 |      22 |       0 |   0.0
     Lair:5 |   18575 |    7732 |  29.4 |      54 |      20 |  27.0
    Swamp:1 |   17981 |       0 |   0.0 |      30 |       0 |   0.0
    Swamp:2 |    8333 |   21183 |  71.8 |      17 |      25 |  59.5
    Swamp:3 |    7388 |     505 |   6.4 |      16 |       1 |   5.9
    Swamp:4 |   14816 |   15398 |  51.0 |      25 |      23 |  47.9
   Spider:1 |   14140 |    6242 |  30.6 |      40 |       6 |  13.0
   Spider:2 |   19661 |       0 |   0.0 |      57 |       0 |   0.0
   Spider:3 |   12871 |    2173 |  14.4 |      29 |       8 |  21.6
   Spider:4 |   14640 |   16474 |  52.9 |      36 |      24 |  40.0
    Slime:1 |    8600 |       0 |   0.0 |      24 |       0 |   0.0
    Slime:2 |    3349 |       0 |   0.0 |       7 |       0 |   0.0
    Slime:3 |    8010 |    1858 |  18.8 |      16 |       3 |  15.8
    Slime:4 |    5190 |       0 |   0.0 |       9 |       0 |   0.0
    Slime:5 |    4269 |   23058 |  84.4 |       5 |      15 |  75.0
      Orc:1 |    2913 |       3 |   0.1 |      28 |       1 |   3.4
      Orc:2 |    4392 |   11336 |  72.1 |      40 |      65 |  61.9
      Elf:1 |   24345 |   15328 |  38.6 |      43 |      28 |  39.4
      Elf:2 |   12628 |    6596 |  34.3 |      24 |       8 |  25.0
      Elf:3 |   20068 |   28302 |  58.5 |      33 |      26 |  44.1
   Vaults:1 |   17769 |   10417 |  37.0 |      28 |      13 |  31.7
   Vaults:2 |   23902 |   44564 |  65.1 |      38 |      36 |  48.6
   Vaults:3 |   28093 |   17401 |  38.2 |      41 |      25 |  37.9
   Vaults:4 |   31079 |   51745 |  62.5 |      44 |      59 |  57.3
   Vaults:5 |   23507 |   77375 |  76.7 |      25 |      63 |  71.6
    Crypt:1 |   13803 |       0 |   0.0 |      23 |       0 |   0.0
    Crypt:2 |   23042 |       0 |   0.0 |      37 |       0 |   0.0
    Crypt:3 |   31773 |   37085 |  53.9 |      46 |      92 |  66.7
   Depths:1 |   18239 |    6180 |  25.3 |      25 |       6 |  19.4
   Depths:2 |   15773 |   30689 |  66.1 |      17 |      38 |  69.1
   Depths:3 |   27659 |   45975 |  62.4 |      38 |      30 |  44.1
   Depths:4 |   38721 |   15451 |  28.5 |      31 |      16 |  34.0
      Zot:1 |   65039 |   21516 |  24.9 |      50 |      16 |  24.2
      Zot:2 |   21038 |    9922 |  32.0 |      16 |      10 |  38.5
      Zot:3 |   74955 |       0 |   0.0 |      64 |       0 |   0.0
      Zot:4 |   51622 |   11572 |  18.3 |      46 |      10 |  17.9
      Zot:5 |   34320 |   68838 |  66.7 |      31 |      31 |  50.0
     WizLab |       0 |   13448 | 100.0 |       0 |      24 | 100.0
   Gauntlet |       0 |    2523 | 100.0 |       0 |       6 | 100.0
            +---------+---------+-------+---------+---------+-------
